 Dungeon Crawl Stone Soup version 0.29.1-2-gbd0b4ee654 (webtiles) character file.

Game seed: 213019286549847325

60 Godmorgon the Gusty (level 4, -1/24 HPs)
             Began as a Tengu Air Elementalist on Oct 23, 2022.
             Slain by Grinder (4 damage)
             ... on level 3 of the Dungeon.
             The game lasted 00:06:20 (1989 turns).

Godmorgon the Gusty (Tengu Air Elementalist)        Turns: 1989, Time: 00:06:21

Health: -1/24      AC:  3    Str:  9    XL:     4   Next: 4%
Magic:  10/17      EV: 12    Int: 17    God:
Gold:   124        SH:  0    Dex: 14    Spells: 5/8 levels left

rFire   . . .      SeeInvis .   a - +0 dagger
rCold   . . .      Faith    .   (no shield)
rNeg    . . .      Spirit   .   c - +0 robe
rPois   .          Reflect  .   (helmet restricted)
rElec   .          Harm     .   (no cloak)
rCorr   .          Rampage  .   k - +0 pair of gloves
Will    .....                   (boots unavailable)
Stlth   ++........              (no amulet)
HPRegen 0.08/turn               e - ring of magical power
MPRegen 0.15/turn               (no ring)

@: no status effects
A: beak, talons 3
a: no special abilities


You were on level 3 of the Dungeon.
You visited 1 branch of the dungeon, and saw 3 of its levels.

You collected 124 gold pieces.

Inventory:

Hand Weapons
 a - a +0 dagger (weapon)
Armour
 c - a +0 robe (worn)
 k - a +0 pair of gloves (worn)
Jewellery
 e - a ring of magical power (left hand)
Scrolls
 d - a scroll of teleportation {unknown}
 f - 3 scrolls of identify {unknown}
 g - a scroll of torment {unknown}
 i - a scroll of fog {unknown}
 j - 3 scrolls of amnesia {unknown}
 l - a scroll of brand weapon {unknown}
Potions
 b - a potion of magic
 h - a potion of degeneration {unknown}
 m - a potion of haste {unknown}
 n - a potion of heal wounds {unknown}


   Skills:
 - Level 2.1 Dodging
 - Level 2.0 Stealth
 + Level 2.5 Spellcasting
 + Level 2.6 Conjurations
 * Level 5.3 Air Magic


You had 5 spell levels left.
You knew the following spells:

 Your Spells              Type           Power      Damage    Failure   Level
d - Static Discharge      Conj/Air       15%        3-5/arc   5%          2
s - Shock                 Conj/Air       60%        1d6       3%          1

Your spell library contained the following spells:

 Spells                   Type           Power      Damage    Failure   Level
 Swiftness                Air            20%        N/A       6%          3
 Beastly Appendage        Tmut           4%         N/A       19%         1
 Airstrike                Air            10%        2d(2-18)  21%         4
 Wereblood                Tmut           2%         N/A       28%         2
 Spider Form              Tmut/Pois      2%         N/A       50%         3


Dungeon Overview and Level Annotations

Branches:
Dungeon (3/15)

Altars:

Annotations:
D:3 Grinder, Jessica


Innate Abilities, Weirdness & Mutations

You have a beak for a mouth.
You have claws for feet.


Message History

The adder is moderately wounded.
The lightning grounds out.
Jessica shouts!
The adder barely misses you. The adder misses you. Grinder barely misses you.
Casting: Static Discharge (safe; 5% risk of failure)
Confirm with . or Enter, or press ? or * to list all spells.
The giant cockroach is struck by an arc of lightning!
You kill the giant cockroach!
You are struck by an arc of lightning.
The adder is struck by an arc of lightning!
You kill the adder!
The lightning grounds out.
Grinder is struck by an arc of lightning.
Grinder is moderately wounded.
You are struck by an arc of lightning.
Grinder is struck by an arc of lightning.
Grinder is moderately wounded.
You are struck by an arc of lightning.
The lightning grounds out.
Grinder gestures at you.
You suddenly lose the ability to move!
You have reached level 4!
You feel stronger. Grinder barely misses you.
Jessica hits you with a +5 dagger of speed!
You can move again.
Casting: Static Discharge (safe; 5% risk of failure)
Confirm with . or Enter, or press ? or * to list all spells.
Jessica is struck by an arc of lightning.
Jessica is heavily wounded.
You are struck by an arc of lightning.
* * * LOW HITPOINT WARNING * * *
The lightning grounds out.
Grinder is struck by an arc of lightning.
Grinder is heavily wounded.
You are struck by an arc of lightning.
* * * LOW HITPOINT WARNING * * *
The lightning grounds out.
Jessica gestures at you while chanting.
You barely resist. Grinder hits you.
You die...

### ...
#.#######
###...#...##
...........##
#.[...†5....#
#.....$@....#
#.....†@<...#
##.........##
##...#...##
#########


You could see Grinder and Jessica.

Vanquished Creatures
  An adder (D:3)
  2 worms (D:2)
  2 dart slugs
  2 endoplasms (D:1)
  2 giant cockroaches
  2 goblins
  7 hobgoblins
  2 jackals (D:2)
  4 kobolds
  4 quokkas
  A ball python (D:2)
  4 bats
  A frilled lizard (D:2)
  3 rats
37 creatures vanquished.

Notes
Turn   | Place    | Note
-------+----------+-------------------------------------------
     0 | D:1      | Godmorgon the Tengu Air Elementalist began the quest for
                  | the Orb.
     0 | D:1      | Reached XP level 1. HP: 10/10 MP: 4/4
   380 | D:1      | Reached XP level 2. HP: 12/15 MP: 6/6
   383 | D:1      | Learned a level 2 spell: Static Discharge
  1052 | D:1      | Reached XP level 3. HP: 19/19 MP: 7/7
  1406 | D:2      | Reached skill level 5 in Air Magic
  1984 | D:3      | Noticed Grinder
  1984 | D:3      | Noticed Jessica
  1987 | D:3      | Paralysed by Grinder for 2 turns
  1988 | D:3      | Reached XP level 4. HP: 15/24 MP: 8/8
  1989 | D:3      | Slain by Grinder

Illustrated notes

Levels and vault maps discovered:
D:1:      sevenhm_arrival_forest_fort_small_3, layout_basic
D:2:      layout_basic, glass_columns_a, serial_bayou_crossing
D:3:      layout_rooms, shapermc_ecumenical_altar_rom_forum, uniq_grinder,
          uniq_jessica

Skill      XL: |  1  2  3 |
---------------+----------+-----
Conjurations   | 2 |  2.6
Air Magic      | 5 |  5.3
Dodging        | |  2.1
Stealth        | |  2.0
Spellcasting   | |  2.5

Action                   |  1- 3 |  4- 6 || total
-------------------------+-------+-------++-------
Melee: Unarmed           |     5 |       ||     5
       Kick              |     2 |       ||     2
 Cast: Shock             |    65 |       ||    65
       Static Discharge  |     9 |     1 ||    10
Armor: Robe              |     1 |       ||     1
Dodge: Dodged            |    13 |     1 ||    14
